 Dungeon Crawl Stone Soup version 0.29-a0-359-g541a27f54d (webtiles) character file.

Game seed: 12168057058270615160

24 purpskrrrp the Cudgeller (level 2, -5/29 HPs)
             Began as a Troll Berserker on Apr 10, 2022.
             Was a Follower of Trog.
             Slain by a gnoll
             ... wielding a +0 flail
              (7 damage)
             ... on level 2 of the Dungeon on Apr 27, 2022.
             The game lasted 00:13:43 (367 turns).

purpskrrrp the Cudgeller (Troll Berserker)           Turns: 367, Time: 00:13:43

Health: -5/29      AC:  5    Str: 24    XL:     2   Next: 79%
Magic:  1/1        EV: 10    Int:  3    God:    Trog [*.....]
Gold:   15         SH:  0    Dex:  9    Spells: 1/1 levels left

rFire   . . .      SeeInvis .   i - +0 flail
rCold   . . .      Faith    .   (no shield)
rNeg    . . .      Spirit   .   b - +0 animal skin
rPois   .          Reflect  .   (helmet restricted)
rElec   .          Harm     .   h - +0 cloak
rCorr   .          Rampage  .   (gloves unavailable)
Will    .....                   (boots unavailable)
Stlth   +.........              (no amulet)
HPRegen 0.89/turn               (no ring)
MPRegen 0.07/turn               (no ring)

@: lit by a corona, glowing
A: large, unfitting armour, claws 3, regeneration 1, shaggy fur 1, tough skin 1
a: Renounce Religion, Berserk


You were on level 2 of the Dungeon.
You worshipped Trog.
Trog was aware of your devotion.
You visited 1 branch of the dungeon, and saw 2 of its levels.

You collected 15 gold pieces.

Inventory:

Hand Weapons
 a - a +0 mace
 c - a +0 club
 e - a +0 dagger
 f - a +0 hunting sling
 g - a +0 club
 i - a +0 flail (weapon)
Missiles
 d - 24 stones (quivered)
Armour
 b - a +0 animal skin (worn)
 h - a +0 cloak (worn)


   Skills:
 + Level 2.6 Fighting
 + Level 3.3 Maces & Flails
 + Level 2.6 Dodging


You had one spell level left.
You didn't know any spells.
Your spell library was empty.

Dungeon Overview and Level Annotations

Branches:
Dungeon (2/15)

Altars:


Innate Abilities, Weirdness & Mutations

You are too large for most types of armour.
You have claws for hands.
Your natural rate of healing is unusually fast.
You are covered in fur. (AC +1)
You have tough skin. (AC +1)


Message History

You don't know any spells.
As you read the scroll labelled HASUM SUANO, it crumbles to dust.
You speak a Word of immense power!
It was a scroll of holy word.
You closely miss the gnoll.
The gnoll is severely wounded.
The gnoll closely misses you.
You hit the gnoll.
You kill the gnoll!
Trog accepts your kill.
A jackal comes into view. x3
The gnoll shaman barely misses you.
The jackal moves out of view.
Things that are here:
a +0 flail; a gnoll corpse; a rat corpse Unknown command.
There's nothing to close nearby.
Your movement speed is average.
Your attack delay is about 1.1.
i - a +0 flail The gnoll shaman barely misses you.
i - a +0 flail (weapon)
The kobold attacks as you move away! The kobold barely misses you.
You closely miss the gnoll shaman. The gnoll shaman closely misses you.
You closely miss the gnoll shaman. The kobold hits you with a +0 club.
The gnoll shaman calls down the wrath of its god upon you.
You are outlined in light.
The jackal barks!
You hit the gnoll shaman but do no damage.
You hear a bark!
The gnoll shaman hits you with a +0 whip.
* * * LOW HITPOINT WARNING * * *
The kobold hits you but does no damage.
You hit the gnoll shaman. Your claw misses the gnoll shaman.
The gnoll shaman is moderately wounded.
The kobold hits you with a +0 club.
* * * LOW HITPOINT WARNING * * *
The gnoll hits you from afar with a +0 spear.
* * * LOW HITPOINT WARNING * * *
The gnoll hits you with a +0 flail.
* * * LOW HITPOINT WARNING * * *
The kobold barely misses you. The gnoll hits you with a +0 flail!
You die...

############
#.gK........
##.@g######
###g####
#gh†.#
####...#
##.# .# K.
##


You could see a gnoll shaman, 3 gnolls, a jackal and a kobold.

Vanquished Creatures
  A gnoll (D:2)
  An endoplasm (D:2)
  A goblin (D:1)
  A hobgoblin (D:2)
  2 kobolds (D:1)
  A quokka (D:1)
  4 ball pythons (D:1)
  3 rats
14 creatures vanquished.

Notes
Turn   | Place    | Note
-------+----------+-------------------------------------------
     0 | D:1      | purpskrrrp the Troll Berserker began the quest for the Orb.
     0 | D:1      | Reached XP level 1. HP: 22/22 MP: 0/0
   236 | D:1      | Reached XP level 2. HP: 29/29 MP: 1/1
   282 | D:1      | Upgraded the game from 0.29-a0-323-g050149af67 to
                  | 0.29-a0-359-g541a27f54d
   347 | D:2      | Reached skill level 3 in Maces & Flails
   351 | D:2      | HP: 1/29 [gnoll/+0 flail (9)]
   367 | D:2      | Slain by a gnoll

Illustrated notes

Levels and vault maps discovered:
D:1:      lemuel_arrival_hallway, layout_basic
D:2:      minmay_diamond_boxcup, layout_rooms, basic_altar,
          hellmonk_ecumenical_altar_crossroads, uniq_sigmund

Skill      XL: |  1  2 |
---------------+-------+-----
Maces & Flails | 3 |  3.3
Fighting       | |  2.6
Dodging        | |  2.6

Action                   || total
-------------------------++-------
Melee: Mace              ||    24
       Club              ||    40
       Flail             ||     4
  Use: Scroll            ||     2
Armor: Animal skin       ||    21
Dodge: Dodged            ||    46

Table legend: (Time is in decaauts)
 A = Elapsed time spent in this place.
 B = Non-inter-level travel time spent in this place.
 C = Inter-level travel time spent in this place.
 D = Time resting spent in this place.
 E = Time spent auto-exploring this place.
 F = Levels seen in this place.
 G = Mean time per level.
                   A        B        C        D        E       F      G
               +--------+--------+--------+--------+--------+-----+--------+
         Total |    378 |    214 |    164 |      0 |     69 |   2 |  189.0 |
       Dungeon |    378 |    214 |    164 |      0 |     69 |   2 |  189.0 |
               +--------+--------+--------+--------+--------+-----+--------+

Top non-repeatable levels by time:
     D:1: 328 daAuts
     D:2: 49 daAuts
